[Event "*** Titled Tuesday Blitz"]
[Site "Chess.com"]
[Date "2020.04.07"]
[Round "2"]
[White "saisree"]
[Black "saikrishnaReturns"]
[Result "1/2-1/2"]
[WhiteElo "2342"]
[BlackElo "2638"]
[TimeControl "180+1"]
[EndTime "13:15:12 PDT"]
[Termination "Game drawn by repetition"]

1. e4 e5 2. Nf3 Nc6 3. Bc4 Nf6 4. d3 h6 5. O-O d6 6. c3 Be7 7. Nbd2 O-O 8. Re1 Nh7 9. Nf1 Be6 10. Bb3 Qd7 11.
Ng3 Kh8 12. d4 Bg4 13. Be3 Ng5 14. Bxg5 Bxg5 15. d5 Ne7 16. h3 Bxf3 17. Qxf3 f5 18.
exf5 Nxf5 19. Nxf5 Rxf5 20. Qg4 Qf7 21. Re2 Rf8 22. Rf1 Rf4 23. Qg3 Bh4 24. Qe3 Bg5 25.
Qg3 Qh5 26. Bd1 Qf7 27. Bb3 1/2-1/2

[Event "*** Titled Tuesday Blitz"]
[Site "Chess.com"]
[Date "2020.04.07"]
[Round "2"]
[White "Gennady_Kozlov"]
[Black "RD4ever"]
[Result "0-1"]
[WhiteElo "2574"]
[BlackElo "2874"]
[TimeControl "180+1"]
[EndTime "13:15:23 PDT"]
[Termination "RD4ever won by resignation"]

1. d4 Nf6 2. c4 g6 3. Nf3 Bg7 4. Nc3 d5 5. cxd5 Nxd5 6. e4 Nxc3 7. bxc3 c5 8. Bb5+ Nc6 9. O-O O-O 10. Bxc6 bxc6 11. h3 Qa5 12. Qc2 Ba6 13. Rd1 cxd4 14. cxd4 c5 15. Bb2 cxd4 16. Bxd4 Rac8 17. Qb2 Bxd4 18.
Qxd4 Be2 19. Rdc1 Rxc1+ 20. Rxc1 Bxf3 21. Rc5 Qe1+ 22. Kh2 0-1

[Event "*** Titled Tuesday Blitz"]
[Site "Chess.com"]
[Date "2020.04.07"]
[Round "2"]
[White "jefferyx"]
[Black "chabo96"]
[Result "1-0"]
[WhiteElo "2899"]
[BlackElo "2563"]
[TimeControl "180+1"]
[EndTime "13:15:35 PDT"]
[Termination "jefferyx won by resignation"]

1. c4 Nf6 2. Nc3 g6 3. e4 Bg7 4.
d4 O-O 5. Be2 d6 6. Be3 c6 7.
Nf3 e5 8. d5 Ng4 9. Bd2 Na6 10. O-O c5 11. a3 Nc7 12. b4 b6 13.
Rb1 f5 14. bxc5 bxc5 15. Qa4 Nf6 16. Bd3 fxe4 17. Nxe4 Nxe4 18. Bxe4 Bd7 19. Qa5 Ne6 20. dxe6 1-0

[Event "*** Titled Tuesday Blitz"]
[Site "Chess.com"]
[Date "2020.04.07"]
[Round "2"]
[White "Blagorod"]
[Black "michaelk123"]
[Result "0-1"]
[WhiteElo "2122"]
[BlackElo "2420"]
[TimeControl "180+1"]
[EndTime "13:15:43 PDT"]
[Termination "michaelk123 won by resignation"]

1. e4 c6 2. d4 d5 3. exd5 cxd5 4. Bd3 Nc6 5. c3 Qc7 6. Ne2 Bg4 7. f3 Bd7 8. Bf4 e5 9. dxe5 Nxe5 10. Bc2 Nf6 11. Bxe5 Qxe5 12. Qd4 Qc7 13. Qe3+ Be7 14. O-O O-O 15. Nd4 Rfe8 16. Nd2 Bd6 17. Qf2 Bxh2+ 18.
Kh1 Bg3 19. Qg1 Qf4 0-1

[Event "*** Titled Tuesday Blitz"]
[Site "Chess.com"]
[Date "2020.04.07"]
[Round "2"]
[White "cukin84"]
[Black "Konavets"]
[Result "0-1"]
[WhiteElo "2109"]
[BlackElo "3017"]
[TimeControl "180+1"]
[EndTime "13:15:46 PDT"]
[Termination "Konavets won by resignation"]

1. e4 c5 2. Nc3 Nc6 3. Bb5 g6 4. Bxc6 bxc6 5. d3 Bg7 6. f4 d6 7. Nf3 Nf6 8. O-O O-O 9. Qe1 Ba6 10. b3 Qa5 11. Bd2 Qc7 12. Rd1 d5 13. e5 Nd7 14.
Na4 c4 15. dxc4 dxc4 16. Ba5 Nb6 17. Nc5 Qc8 18. Nxa6 Qxa6 19. Kh1 Nd5 20. Nd4 e6 21.
Bb4 Rfd8 22. a4 cxb3 23. cxb3 Nxb4 24. Qxb4 Rd5 25. Qc3 Rad8 26. Qa1 Rxd4 27. Rxd4 Rxd4 28. Rc1 Rxf4 29. h3 Qe2 30. Rxc6 Rf1+ 0-1

[Event "*** Titled Tuesday Blitz"]
[Site "Chess.com"]
[Date "2020.04.07"]
[Round "2"]
[White "ferdipy"]
[Black "Kumi29"]
[Result "0-1"]
[WhiteElo "2154"]
[BlackElo "2441"]
[TimeControl "180+1"]
[EndTime "13:15:49 PDT"]
[Termination "Kumi29 won by checkmate"]

1. e4 e6 2. d4 d5 3. e5 c5 4. c3 Nc6 5. Nf3 Nh6 6. a3 Nf5 7. b4 cxd4 8. cxd4 Qb6 9. Bb2 Be7 10. Nc3 Nfxd4 11. Nxd4 Qxd4 12. Qxd4 Nxd4 13. Nxd5 Nc2+ 14. Kd2 Nxa1 15. Nc7+ Kd8 16. Nxa8 Bg5+ 17. Kc3 Bd7 18.
Bd3 Ke7 19. Rd1 Rc8+ 20. Kd4 Nb3+ 21. Ke4 Bc6# 0-1

[Event "*** Titled Tuesday Blitz"]
[Site "Chess.com"]
[Date "2020.04.07"]
[Round "2"]
[White "manmanlai1"]
[Black "Dixit_Nikhil"]
[Result "1-0"]
[WhiteElo "2297"]
[BlackElo "2493"]
[TimeControl "180+1"]
[EndTime "13:15:54 PDT"]
[Termination "manmanlai1 won by resignation"]

1. e4 g6 2. d4 Bg7 3. Nf3 d6 4.
Bc4 Nf6 5. Qe2 O-O 6. e5 dxe5 7. dxe5 Nd5 8. O-O Be6 9. Ng5 Nd7 10. Nxe6 fxe6 11. f4 c6 12. Bb3 Qb6+ 13. Kh1 Rf5 14.
c4 Nb4 15. Be3 Qc7 16. a3 Na6 17. Bc2 Rf7 18. Nd2 Raf8 19. Ne4 c5 20. Ng5 Qc6 21. Be4 Qb6 22. h4 Rf5 23. Nxe6 Bh6 24. Bd5 Kh8 25. Nxf8 Rxf8 26. Rad1 1-0

[Event "*** Titled Tuesday Blitz"]
[Site "Chess.com"]
[Date "2020.04.07"]
[Round "2"]
[White "francyIM"]
[Black "Bad4life"]
[Result "1-0"]
[WhiteElo "2680"]
[BlackElo "2323"]
[TimeControl "180+1"]
[EndTime "13:15:57 PDT"]
[Termination "francyIM won by resignation"]

1. d4 d5 2. c4 e6 3. Nc3 Bb4 4. Nf3 Nf6 5. e3 O-O 6. Bd2 Nc6 7. a3 Bd6 8. c5 Be7 9. b4 a6 10. Bd3 Re8 11. O-O Bf8 12. Qe2 e5 13. dxe5 Nxe5 14. Nxe5 Rxe5 15. Qf3 c6 16. h3 Rh5 17. Ne2 Ne4 18. Bxe4 dxe4 19. Qxh5 g6 20. Qe5 Bg7 21. Qd6 Qg5 22. Bc3 Bxh3 23. Qg3 Qxg3 24.
fxg3 Bg4 25. Bxg7 Bxe2 26. Rf2 1-0

[Event "*** Titled Tuesday Blitz"]
[Site "Chess.com"]
[Date "2020.04.07"]
[Round "2"]
[White "swimmerchess"]
[Black "nabukatnezarr"]
[Result "1-0"]
[WhiteElo "2816"]
[BlackElo "2540"]
[TimeControl "180+1"]
[EndTime "13:15:59 PDT"]
[Termination "swimmerchess won by resignation"]

1. e4 c5 2. Nf3 d6 3. d4 cxd4 4.
Nxd4 Nf6 5. Nc3 Nc6 6. Bg5 e6 7.
Qd2 Bd7 8. Ndb5 Bc8 9. O-O-O Qa5 10. f4 Bd7 11. e5 h6 12. Bh4 g5 13. fxg5 hxg5 14.
Bxg5 Nh7 15. Nxd6+ Bxd6 16. Qxd6 Nxg5 17. Qxd7+ Kf8 18. Qxb7 Kg7 19. Qxc6 Rhc8 20. Qb5 Qc7 21. Rd7 1-0

[Event "*** Titled Tuesday Blitz"]
[Site "Chess.com"]
[Date "2020.04.07"]
[Round "2"]
[White "isla88"]
[Black "1g41-0"]
[Result "0-1"]
[WhiteElo "2272"]
[BlackElo "2501"]
[TimeControl "180+1"]
[EndTime "13:16:02 PDT"]
[Termination "1g41-0 won by resignation"]

1. c4 e5 2. Nc3 Bb4 3. Qc2 Nc6 4. Nf3 Nf6 5. e3 Bxc3 6. bxc3 e4 7. Nd4 Ne5 8. f4 exf3 9. Nxf3 Qe7 10. d4 Nxf3+ 11. gxf3 O-O 12. Bd3 d5 13. cxd5 Nxd5 14. Bxh7+ Kh8 15.
Be4 Qh4+ 16. Qf2 Qh5 17. c4 Nf6 18. Bd3 Bf5 19. e4 Rfe8 20. Be3 Bg6 21. O-O-O c5 22. d5 b5 23. Bxc5 bxc4 24. Bxc4 Rec8 25. Ba6 Nd7 26. Bxc8 Rxc8 27. Kb1 Rxc5 28. Rc1 Rb5+ 29. Ka1 Qe5+ 0-1

[Event "*** Titled Tuesday Blitz"]
[Site "Chess.com"]
[Date "2020.04.07"]
[Round "2"]
[White "killer311"]
[Black "AlexOstrovskiy"]
[Result "0-1"]
[WhiteElo "2314"]
[BlackElo "2604"]
[TimeControl "180+1"]
[EndTime "13:16:14 PDT"]
[Termination "AlexOstrovskiy won by resignation"]

1. d4 d5 2. c4 dxc4 3. e3 e5 4. Bxc4 exd4 5. exd4 Bd6 6. Nf3 Nf6 7. O-O O-O 8. Nc3 Nc6 9. h3 h6 10. Re1 Bf5 11. a3 a6 12. Be3 Qd7 13. d5 Ne5 14. Nxe5 Bxe5 15. Bd4 Bxd4 16. Qxd4 Rfe8 17. Qf4 Bg6 18. Rad1 Rad8 19. Bb3 Rxe1+ 20. Rxe1 Ne8 21. Na4 Nd6 22. Nc5 Qb5 23. Qd4 b6 24. Na4 Qxb3 25. Re3 Qc4 0-1

[Event "*** Titled Tuesday Blitz"]
[Site "Chess.com"]
[Date "2020.04.07"]
[Round "2"]
[White "Zaven_ChessMood"]
[Black "swayamsm"]
[Result "1-0"]
[WhiteElo "2874"]
[BlackElo "2577"]
[TimeControl "180+1"]
[EndTime "13:16:18 PDT"]
[Termination "Zaven_ChessMood won by resignation"]

1. Nf3 Nf6 2. c4 c5 3. g3 g6 4. Bg2 Bg7 5. O-O O-O 6. Nc3 Nc6 7.
d3 d5 8. cxd5 Nxd5 9. Bd2 Nxc3 10. bxc3 Qc7 11. Qa4 Bd7 12. Qh4 Rfe8 13. Rab1 Rad8 14.
Rfe1 b6 15. Bf4 Ne5 16. Nxe5 Bxe5 17. Bxe5 Qxe5 18. Qc4 Be6 19. Qa4 Qc7 20. h4 Bd5 21. Bxd5 Rxd5 22. Qxe8+ 1-0

[Event "*** Titled Tuesday Blitz"]
[Site "Chess.com"]
[Date "2020.04.07"]
[Round "2"]
[White "DinaBelenkaya"]
[Black "pastouche06"]
[Result "0-1"]
[WhiteElo "2237"]
[BlackElo "2488"]
[TimeControl "180+1"]
[EndTime "13:16:18 PDT"]
[Termination "pastouche06 won by resignation"]

1. e4 c6 2. d4 d5 3. Nc3 dxe4 4. Nxe4 Nf6 5. Nxf6+ exf6 6. Bc4 Bd6 7. Qe2+ Be7 8. Nf3 O-O 9. O-O Bg4 10. c3 Bd6 11.
Qd3 Nd7 12. Re1 Qc7 13. h3 Bh5 14. Bd2 Rfe8 15. b4 Bf4 16. Bxf4 Qxf4 17. Nh2 Bg6 18. Qf3 Qd2 19. Nf1 Rxe1 20. Rxe1 Qxe1 21. Qf4 Nb6 22. Bb3 Bd3 0-1

[Event "*** Titled Tuesday Blitz"]
[Site "Chess.com"]
[Date "2020.04.07"]
[Round "2"]
[White "Indianlad"]
[Black "Korchmar_Vasiliy"]
[Result "1-0"]
[WhiteElo "3012"]
[BlackElo "2607"]
[TimeControl "180+1"]
[EndTime "13:16:25 PDT"]
[Termination "Indianlad won by resignation"]

1. e4 c5 2. Nc3 d6 3. f4 Nc6 4. Nf3 g6 5. Bc4 Bg7 6. O-O Nf6 7. d3 O-O 8. Qe1 Bg4 9. f5 Bxf3 10. Rxf3 Nd4 11. Rh3 Nxc2 12. Qh4 Nxa1 13. fxg6 hxg6 14.
Nd5 Nh5 15. Nxe7+ Kh7 16. Qg5 Bd4+ 17. Kh1 Kg7 18. Nf5+ Kg8 19. Qxg6+ 1-0

[Event "*** Titled Tuesday Blitz"]
[Site "Chess.com"]
[Date "2020.04.07"]
[Round "2"]
[White "iaraldinho"]
[Black "politeplayer"]
[Result "0-1"]
[WhiteElo "2628"]
[BlackElo "2204"]
[TimeControl "180+1"]
[EndTime "13:16:29 PDT"]
[Termination "politeplayer won by resignation"]

1. e4 e6 2. d4 d5 3. Nc3 dxe4 4. Nxe4 Nd7 5. Bg5 Ngf6 6. Bxf6 Nxf6 7. Nxf6+ Qxf6 8.
Bd3 Bd6 9. Nf3 O-O 10. Qe2 Rb8 11. Ne5 c5 12. Qe4 g6 13. Ng4 Qxd4 14. Qxd4 cxd4 15. O-O-O f5 16. Nh6+ Kg7 17. Nxf5+ gxf5 18. Rhe1 e5 19. Bc4 b5 20. Bb3 Bb7 21. f4 e4 22. Rxd4 Bxf4+ 23. Kb1 Rbd8 24. c3 Rxd4 25. cxd4 e3 26. g3 Be4+ 27. Ka1 Bg5 28. h4 Bh6 29. d5 Rd8 30. Rd1 e2 31. Re1 Bf3 32. Kb1 Bd2 0-1

[Event "*** Titled Tuesday Blitz"]
[Site "Chess.com"]
[Date "2020.04.07"]
[Round "2"]
[White "Atakishiyev04"]
[Black "Teidi96"]
[Result "1-0"]
[WhiteElo "2649"]
[BlackElo "2223"]
[TimeControl "180+1"]
[EndTime "13:16:31 PDT"]
[Termination "Atakishiyev04 won by resignation"]

1. d4 Nf6 2. c4 g6 3. Nc3 d5 4. cxd5 Nxd5 5. e4 Nxc3 6. bxc3 Bg7 7. Bc4 c5 8. Ne2 O-O 9. Be3 Nc6 10. h4 Qa5 11. Kf1 e6 12. h5 b5 13. Bb3 cxd4 14. cxd4 Rd8 15. hxg6 hxg6 16. Qc1 Ne7 17. Bh6 Bh8 18.
Bg5 Rd7 19. Qf4 Qc7 20. Rxh8+ Kxh8 21. Bf6+ Kg8 22. Qh6 1-0

[Event "*** Titled Tuesday Blitz"]
[Site "Chess.com"]
[Date "2020.04.07"]
[Round "2"]
[White "anon219"]
[Black "Winehouse83"]
[Result "1-0"]
[WhiteElo "2807"]
[BlackElo "2533"]
[TimeControl "180+1"]
[EndTime "13:16:34 PDT"]
[Termination "anon219 won by checkmate"]

1. e4 c5 2. Nf3 e6 3. b3 Nc6 4. Bb2 d5 5. exd5 exd5 6. Bb5 Nf6 7. O-O Be7 8. d4 O-O 9. Nbd2 Qb6 10. Bd3 cxd4 11. Re1 Bc5 12. Nf1 Bg4 13. h3 Bh5 14.
Ng3 Bg6 15. a3 a5 16. Nf5 Rae8 17. N3h4 Ne4 18. Qf3 Ne5 19. Qf4 Nxd3 20. cxd3 Nc3 21. Bxc3 dxc3 22. d4 Rxe1+ 23. Rxe1 Bxa3 24. Qe5 c2 25. Qxg7# 1-0

[Event "*** Titled Tuesday Blitz"]
[Site "Chess.com"]
[Date "2020.04.07"]
[Round "2"]
[White "Schandenfreude"]
[Black "Keranke"]
[Result "0-1"]
[WhiteElo "2523"]
[BlackElo "2782"]
[TimeControl "180+1"]
[EndTime "13:16:34 PDT"]
[Termination "Keranke won by resignation"]

1. Nf3 g6 2. g3 Bg7 3. Bg2 Nf6 4. b3 O-O 5. Bb2 d5 6. c4 c5 7. cxd5 Qxd5 8. O-O Qh5 9. d3 Nc6 10. Nbd2 Bh3 11. Rc1 b6 12. Rc4 Ng4 13. Bxg7 Kxg7 14. a3 Rad8 15. b4 Nd4 16. bxc5 bxc5 17. e3 Nf5 18.
Rxc5 Bxg2 19. Kxg2 Nfxe3+ 20. fxe3 Nxe3+ 21. Kh1 Qxc5 22. Qa1+ Kg8 23. d4 Qd5 24. Rf2 Nc2 25. Qc3 Nxd4 0-1

[Event "*** Titled Tuesday Blitz"]
[Site "Chess.com"]
[Date "2020.04.07"]
[Round "2"]
[White "FeketeBarika"]
[Black "JacekDubiel"]
[Result "1-0"]
[WhiteElo "2263"]
[BlackElo "2446"]
[TimeControl "180+1"]
[EndTime "13:16:34 PDT"]
[Termination "FeketeBarika won by resignation"]

1. Nf3 Nf6 2. g3 e6 3. Bg2 b6 4.
O-O Bb7 5. d4 Be7 6. c4 O-O 7.
Nc3 d5 8. cxd5 exd5 9. Bg5 Re8 10. Rc1 h6 11. Bf4 c6 12. Ne5 Bd6 13. e4 c5 14. Nb5 Bf8 15. dxc5 bxc5 16. exd5 Bxd5 17. Bxd5 Nxd5 18. Qh5 g6 19. Nxg6 fxg6 20. Qxg6+ Bg7 21. Bxh6 Qf6 22. Qxe8+ 1-0

[Event "*** Titled Tuesday Blitz"]
[Site "Chess.com"]
[Date "2020.04.07"]
[Round "2"]
[White "RobertoRochaMAO"]
[Black "jonaszmb"]
[Result "0-1"]
[WhiteElo "2012"]
[BlackElo "2406"]
[TimeControl "180+1"]
[EndTime "13:16:34 PDT"]
[Termination "jonaszmb won by resignation"]

1. e4 c5 2. Nf3 d6 3. c3 Nf6 4. Qe2 Nc6 5. d4 cxd4 6. cxd4 Bg4 7. Be3 Nxe4 8. d5 Ne5 9. Qb5+ Bd7 10. Qb4 Nxf3+ 11.
gxf3 Nf6 12. Nc3 g6 13. Bb5 Bg7 14. O-O-O O-O 15. Ne4 a5 16. Qa4 Bxb5 17. Qxb5 a4 18. Kb1 a3 19. b3 Qc8 20. Rc1 Qf5 21. Qe2 Nxe4 22. fxe4 Qxe4+ 23. Rc2 Qxh1+ 0-1

[Event "*** Titled Tuesday Blitz"]
[Site "Chess.com"]
[Date "2020.04.07"]
[Round "2"]
[White "LawrenceTrent"]
[Black "Berant"]
[Result "1-0"]
[WhiteElo "2510"]
[BlackElo "2256"]
[TimeControl "180+1"]
[EndTime "13:16:35 PDT"]
[Termination "LawrenceTrent won by checkmate"]

1. d4 Nf6 2. Nc3 d5 3. Bf4 e6 4.
e3 Be7 5. g4 h6 6. h4 c5 7. Qf3 Nc6 8. Bb5 Bd7 9. g5 hxg5 10.
hxg5 Rxh1 11. Qxh1 Ng8 12. Qh8 Kf8 13. Bxc6 bxc6 14.
Nf3 cxd4 15. exd4 c5 16. O-O-O cxd4 17. Rxd4 Rb8 18. Bxb8 Qxb8 19. g6 Bf6 20. gxf7 Kxf7 21. Rg4 d4 22. Ne4 Qb4 23. Nxf6 Nxf6 24. Rxg7# 1-0

[Event "*** Titled Tuesday Blitz"]
[Site "Chess.com"]
[Date "2020.04.07"]
[Round "2"]
[White "HElissalt"]
[Black "SuperNM"]
[Result "0-1"]
[WhiteElo "2053"]
[BlackElo "2408"]
[TimeControl "180+1"]
[EndTime "13:16:36 PDT"]
[Termination "SuperNM won on time"]

1. d4 Nf6 2. c4 g6 3. Nc3 Bg7 4. e4 d6 5. Be2 O-O 6. Be3 Nc6 7. d5 Ne5 8. f3 e6 9. f4 Ned7 10. dxe6 fxe6 11. Nf3 Ng4 12. Bg1 Rxf4 13. Qd2 Bh6 14. Qc2 Rf8 15. h3 Ne3 16. Bxe3 Bxe3 17. Qd3 Bf4 18. O-O Ne5 19. Nxe5 Bxe5 20. Rxf8+ Qxf8 21. Rf1 Qg7 22. Kh1 Bd7 23. Nb5 Bc6 0-1

[Event "*** Titled Tuesday Blitz"]
[Site "Chess.com"]
[Date "2020.04.07"]
[Round "2"]
[White "WPWPWP-2015"]
[Black "m-garcett"]
[Result "1-0"]
[WhiteElo "2395"]
[BlackElo "1902"]
[TimeControl "180+1"]
[EndTime "13:16:40 PDT"]
[Termination "WPWPWP-2015 won by resignation"]

1. e4 c5 2. Nf3 d6 3. d4 cxd4 4. Nxd4 Nf6 5. Nc3 a6 6. h3 e5 7. Nde2 h5 8. Nd5 b5 9. a4 Bb7 10. axb5 axb5 11. Rxa8 Bxa8 12. Nec3 b4 13. Nb5 Bxd5 14.
exd5 Be7 15. Be3 O-O 16. Be2 g6 17. O-O Nbd7 18. Na7 Nb8 19. Bh6 Re8 20. Bb5 Nfd7 21. Nc6 Nxc6 22. dxc6 1-0

[Event "*** Titled Tuesday Blitz"]
[Site "Chess.com"]
[Date "2020.04.07"]
[Round "2"]
[White "AliKa2810"]
[Black "Azeryahu"]
[Result "1-0"]
[WhiteElo "2595"]
[BlackElo "2860"]
[TimeControl "180+1"]
[EndTime "13:16:41 PDT"]
[Termination "AliKa2810 won by resignation"]

1. d4 d5 2. c4 e6 3. Nc3 Be7 4. cxd5 exd5 5. Bf4 c6 6. e3 Bf5 7. Nge2 Nf6 8. Ng3 Bg6 9. h4 h5 10. Bd3 Bxd3 11. Qxd3 g6 12. O-O-O Nbd7 13. f3 Qa5 14. Kb1 O-O-O 15. Rc1 Nb6 16. Nb5 Rd7 17. Ne2 Nc4 18. Nbc3 Re8 19. Rc2 Bd6 20. e4 Qa6 21. Ka1 Bxf4 22.
Nxf4 Na3 23. bxa3 Qxd3 24. Nxd3 dxe4 25. Nxe4 Nxe4 26. fxe4 Rxd4 27. Nf2 Re5 28. Rh3 Kd7 29. Rf3 Ke7 30. Rb3 Rd7 31. Kb2 c5 32. Nd3 1-0

[Event "*** Titled Tuesday Blitz"]
[Site "Chess.com"]
[Date "2020.04.07"]
[Round "2"]
[White "ckgchess"]
[Black "Leo_C"]
[Result "1-0"]
[WhiteElo "2615"]
[BlackElo "2320"]
[TimeControl "180+1"]
[EndTime "13:16:45 PDT"]
[Termination "ckgchess won by checkmate"]

1. e4 Nf6 2. e5 Nd5 3. d4 d6 4. c4 Nb6 5. f4 g6 6. Nc3 Bg7 7. Be3 Be6 8. d5 Bc8 9. Nf3 Bg4 10. c5 N6d7 11. h3 Bxf3 12. Qxf3 dxe5 13. O-O-O exf4 14. Bxf4 Nxc5 15. Bc4 O-O 16. h4 b5 17. Nxb5 Nba6 18. h5 e5 19. hxg6 hxg6 20. Qh3 Re8 21. Qh7+ Kf8 22. Bh6 Bxh6+ 23. Qxh6+ Ke7 24. d6+ cxd6 25.
Qg5+ Kd7 26. Rxd6+ Kc8 27. Rxd8+ Rxd8 28. Rd1 Rxd1+ 29. Kxd1 Kb7 30. Qe7+ Kb6 31. Qd6+ Ka5 32. a3 Ka4 33. b3+ Ka5 34. b4+ Ka4 35. bxc5 Rc8 36. Qxa6# 1-0

[Event "*** Titled Tuesday Blitz"]
[Site "Chess.com"]
[Date "2020.04.07"]
[Round "2"]
[White "Witik"]
[Black "Yanidze"]
[Result "1-0"]
[WhiteElo "2727"]
[BlackElo "2443"]
[TimeControl "180+1"]
[EndTime "13:16:47 PDT"]
[Termination "Witik won by resignation"]

1. d4 g6 2. e4 Bg7 3. Nc3 d6 4. g3 Nf6 5. Bg2 O-O 6. Nge2 c6 7. O-O b5 8. e5 dxe5 9. dxe5 Ng4 10. Qxd8 Rxd8 11. Nxb5 Ba6 12. c4 Nxe5 13. Nc7 Bxc4 14. Nxa8 Bxe2 15. Re1 Nf3+ 16. Bxf3 Bxf3 17. Bf4 e5 18. Bxe5 Bxe5 19. Rxe5 Na6 20. Ra5 Be2 21. Re1 Bb5 22. a4 Bc4 23. b3 Bd3 24. Rd1 Rd5 25.
Rxd5 cxd5 26. Rxd3 1-0

[Event "*** Titled Tuesday Blitz"]
[Site "Chess.com"]
[Date "2020.04.07"]
[Round "2"]
[White "riconaipe"]
[Black "W_Amadeus"]
[Result "1-0"]
[WhiteElo "2531"]
[BlackElo "2743"]
[TimeControl "180+1"]
[EndTime "13:16:49 PDT"]
[Termination "riconaipe won by resignation"]

1. d4 Nf6 2. c4 e6 3. Nc3 Bb4 4. e3 O-O 5. Bd3 c5 6. a3 Bxc3+ 7. bxc3 d6 8. Nf3 Nc6 9. O-O b6 10. Qe2 Na5 11. e4 Ne8 12. Bf4 Ba6 13. Rad1 Rc8 14. e5 g6 15. d5 exd5 16. cxd5 Bxd3 17. Qxd3 dxe5 18. Nxe5 Nd6 19. Rfe1 Re8 20. Qh3 Qf6 21. Bg3 Qf5 22. Ng4 1-0

[Event "*** Titled Tuesday Blitz"]
[Site "Chess.com"]
[Date "2020.04.07"]
[Round "2"]
[White "RzayevB"]
[Black "Tomytoteph"]
[Result "1-0"]
[WhiteElo "2646"]
[BlackElo "2333"]
[TimeControl "180+1"]
[EndTime "13:16:50 PDT"]
[Termination "RzayevB won by resignation"]

1. e4 c5 2. Nf3 e6 3. b3 b6 4. Bb2 Bb7 5. Bd3 Nc6 6. O-O Qc7 7. Re1 d6 8. c4 Nf6 9. Nc3 Be7 10. Bc2 O-O 11. d4 cxd4 12. Nxd4 Ne5 13. Rc1 a6 14. Bb1 Rfd8 15. h3 Ng6 16. Qd2 Rac8 17. f4 Re8 18. f5 exf5 19. Nxf5 Bf8 20. Nd5 Nxd5 21. cxd5 Qd7 22. Rxc8 Rxc8 23. Rf1 a5 24. Qd4 f6 25. Qxb6 Ne5 26. Qxa5 Rc5 27. Qb6 Rb5 28. Qd4 Ba6 29. Rc1 Rc5 30. Rxc5 dxc5 31. Qf2 Qb5 32.
d6 Qc6 33. Qd2 Bc8 34. Ne7+ Bxe7 35. dxe7 Kf7 36. Qd8 Qe8 37. Bxe5 fxe5 38. Bd3 Be6 39. Bc4 Bxc4 40. bxc4 Qxe7 41. Qxe7+ Kxe7 42. Kf2 Kd7 43. Kg3 Kc6 44. Kg4 g6 45. Kg5 Kb6 46. Kf6 Ka5 47. Kxe5 Kb4 48. Kd5 Ka3 49. e5 Kxa2 50. e6 Kb3 51. e7 1-0

[Event "*** Titled Tuesday Blitz"]
[Site "Chess.com"]
[Date "2020.04.07"]
[Round "2"]
[White "Khamrakulov_Djurabek"]
[Black "iLuusions"]
[Result "1-0"]
[WhiteElo "2907"]
[BlackElo "2590"]
[TimeControl "180+1"]
[EndTime "13:16:52 PDT"]
[Termination "Khamrakulov_Djurabek won by resignation"]

1. e4 c5 2. c3 Nf6 3. e5 Nd5 4. d4 e6 5. Nf3 cxd4 6. cxd4 d6 7. Bc4 Nb6 8. Bd3 Nc6 9. O-O dxe5 10. dxe5 Nb4 11. Be4 N4d5 12. Qe2 Bd7 13. Rd1 Bc5 14. a3 a5 15. Nbd2 h6 16. Nb3 Be7 17. Nfd4 O-O 18. Qg4 Kh8 19. Qh5 Bg5 20. Nc5 Bxc1 21. Raxc1 Rb8 22.
Ncxe6 fxe6 23. Qg6 Rf5 24. Nxf5 exf5 25. Bxd5 Qe7 26.
Qxb6 1-0

[Event "*** Titled Tuesday Blitz"]
[Site "Chess.com"]
[Date "2020.04.07"]
[Round "2"]
[White "Semen_Khanin"]
[Black "ParvizGasimov"]
[Result "1-0"]
[WhiteElo "2622"]
[BlackElo "2322"]
[TimeControl "180+1"]
[EndTime "13:16:52 PDT"]
[Termination "Semen_Khanin won by resignation"]

1. e4 e6 2. d4 d5 3. e5 c5 4. c3 Nc6 5. Nf3 Qb6 6. a3 Nh6 7. b4 cxd4 8. cxd4 Nf5 9. Bb2 Bd7 10. g4 Nfe7 11. Nc3 Qd8 12. Bd3 h5 13. g5 g6 14.
Na4 b6 15. Rc1 Nf5 16. h4 Be7 17. Bxf5 gxf5 18. Nc3 Bf8 19. Ne2 Ne7 20. Nf4 Ng6 21. Qd2 Bb5 22. Ng1 a5 23. Nge2 axb4 24. axb4 Ra4 25.
Bc3 Qa8 26. Nxg6 fxg6 27. Nf4 Kf7 28. f3 Ra2 29. Rc2 Be7 30. Rxa2 1-0

[Event "*** Titled Tuesday Blitz"]
[Site "Chess.com"]
[Date "2020.04.07"]
[Round "2"]
[White "Orest_Vovk"]
[Black "Rogue_King"]
[Result "1-0"]
[WhiteElo "2472"]
[BlackElo "2233"]
[TimeControl "180+1"]
[EndTime "13:16:52 PDT"]
[Termination "Orest_Vovk won by resignation"]

1. g4 h5 2. g5 d5 3. Bg2 Bf5 4. c4 c6 5. Qb3 Qb6 6. cxd5 Qxb3 7.
axb3 cxd5 8. Bxd5 Nc6 9. Bxc6+ bxc6 10. Nc3 Bc2 11. b4 e6 12. b5 Kd7 13. Nf3 c5 14.
Ne5+ Ke8 15. b6 Bd6 16. Rxa7 Rd8 17. Nxf7 Rh7 18. g6 Rh6 19. Nxd8 Kxd8 20. Rxg7 Bxg6 21. Rxg8+ 1-0

[Event "*** Titled Tuesday Blitz"]
[Site "Chess.com"]
[Date "2020.04.07"]
[Round "2"]
[White "mrkvoz"]
[Black "ninjaturtle04"]
[Result "0-1"]
[WhiteElo "2816"]
[BlackElo "2583"]
[TimeControl "180+1"]
[EndTime "13:16:53 PDT"]
[Termination "ninjaturtle04 won by checkmate"]

1. e4 c5 2. Nc3 e6 3. Nge2 d6 4. g3 Nc6 5. Bg2 g6 6. d4 cxd4 7. Nxd4 Bg7 8. Ndb5 Bf8 9. Bf4 Ne5 10. Qd4 a6 11.
Bxe5 dxe5 12. Qxe5 f6 13. Nc7+ Kf7 14. Qa5 Bd6 15.
N3d5 Ne7 16. Qc3 Nxd5 17. Nxd5 exd5 18. O-O-O Kg7 19. Rxd5 Be6 20. Rd3 Qb6 21. f4 Bb4 22. Qd4 Bc5 23. Qa4 Rad8 24. Rhd1 Rxd3 25. Rxd3 Rd8 26. Bf1 Be3+ 27. Kb1 Bd2 28. Rxd8 Qxd8 29. Bd3 Qb6 30. c4 Qg1+ 31. Kc2 Qc1+ 32. Kb3 b5 33.
Qxa6 Qd1+ 34. Ka3 b4# 0-1

[Event "*** Titled Tuesday Blitz"]
[Site "Chess.com"]
[Date "2020.04.07"]
[Round "2"]
[White "renehp"]
[Black "Kaliopa"]
[Result "1-0"]
[WhiteElo "2415"]
[BlackElo "2112"]
[TimeControl "180+1"]
[EndTime "13:16:53 PDT"]
[Termination "renehp won on time"]

1. e4 c5 2. Nf3 d6 3. d4 cxd4 4.
Nxd4 Nf6 5. Nc3 a6 6. Be3 e6 7. f3 b5 8. Qd2 Nbd7 9. g4 h6 10. O-O-O b4 11. Nce2 Qc7 12. h4 d5 13. Nf4 dxe4 14.
Nfxe6 fxe6 15. Nxe6 Qc6 16. Nxf8 Rxf8 17. g5 Nh5 18.
Bh3 Rf7 19. fxe4 Bb7 20. e5 Nxe5 21. Rhe1 Re7 22. Bd4 1-0

[Event "*** Titled Tuesday Blitz"]
[Site "Chess.com"]
[Date "2020.04.07"]
[Round "2"]
[White "GadimbayliA"]
[Black "DamianoLew95"]
[Result "1-0"]
[WhiteElo "2928"]
[BlackElo "2591"]
[TimeControl "180+1"]
[EndTime "13:16:55 PDT"]
[Termination "GadimbayliA won by resignation"]

1. e4 c5 2. Nf3 d6 3. d4 cxd4 4.
Nxd4 Nf6 5. Nc3 Bd7 6. g3 Nc6 7. Bg2 a6 8. O-O e6 9. h3 Be7 10. Be3 Qc7 11. Qe2 O-O 12. Rad1 Rac8 13. Kh2 b5 14. a3 Na5 15. f4 Nc4 16. Bc1 Nxa3 17. e5 dxe5 18. fxe5 Ne8 19. Nf5 Bb4 20. bxa3 Bxc3 21.
Ne7+ Kh8 22. Qh5 Bxe5 23. Ng6+ Kg8 24. Nxe5 Nf6 25. Rxf6 gxf6 26. Be4 f5 27. Qg5+ Kh8 28. Qf6+ Kg8 29. Bh6 Qxe5 30. Qxe5 f6 31. Qd6 Rf7 32. Bd3 e5 33. Qd5 e4 34. Be2 Bc6 35. Qe6 1-0